[ PARTIDA AOE2 · #474389964 ]
UnrankedGurjaras vs Turks
[ ANÁLISIS DE REPETICIÓN · EXTRAÍDO DE LA PARTIDA GRABADA ]
Feudal
8:40
Castillos
—
Imperial
—
| APM promedio | 57.2 |
| APM pico | 113 |
| eAPM promedio | 24.5 |
| Aldeanos / militares | 26 / 16 |
Foco
⚔️ 31.7% · 🌾 68.3%
Archer ×16
Feudal
9:13
Castillos
—
Imperial
—
| APM promedio | 29.9 |
| APM pico | 64 |
| eAPM promedio | 11.7 |
| Aldeanos / militares | 32 / 6 |
Foco
⚔️ 28.9% · 🌾 71.1%
Scout Cavalry ×6
Feudal
9:33
Castillos
—
Imperial
—
| APM promedio | 30.2 |
| APM pico | 60 |
| eAPM promedio | 7.9 |
| Aldeanos / militares | 19 / 4 |
Foco
⚔️ 19.5% · 🌾 80.5%
Scout Cavalry ×4
Feudal
8:22
Castillos
—
Imperial
—
| APM promedio | 54.6 |
| APM pico | 89 |
| eAPM promedio | 16.7 |
| Aldeanos / militares | 21 / 18 |
Foco
⚔️ 51.3% · 🌾 48.7%
Militia ×12 · Archer ×6
Feudal
10:51
Castillos
—
Imperial
—
| APM promedio | 33.2 |
| APM pico | 66 |
| eAPM promedio | 13.4 |
| Aldeanos / militares | 23 / 6 |
Foco
⚔️ 31.3% · 🌾 68.7%
Militia ×6
Feudal
—
Castillos
—
Imperial
—
| APM promedio | 56.6 |
| APM pico | 104 |
| eAPM promedio | 16.5 |
| Aldeanos / militares | 25 / 8 |
Foco
⚔️ 40.4% · 🌾 59.6%
Archer ×4 · Militia ×4
Feudal
8:38
Castillos
—
Imperial
—
| APM promedio | 40.2 |
| APM pico | 66 |
| eAPM promedio | 17.0 |
| Aldeanos / militares | 32 / 8 |
Foco
⚔️ 36.2% · 🌾 63.8%
Scout Cavalry ×8
Feudal
9:53
Castillos
—
Imperial
—
| APM promedio | 22.5 |
| APM pico | 41 |
| eAPM promedio | 11.4 |
| Aldeanos / militares | 30 / 9 |
Foco
⚔️ 24.8% · 🌾 75.2%
Scout Cavalry ×5 · Spearman ×4
Mapa de la partida
Recursos iniciales + cada clic de construcción. Líneas = muros · curvas = relieve. ◆ oro · ⬟ piedra · ● bayas · ✦ reliquia · ◌ hueco del cierre
Tu base· Abierta — hueco de 6t
Base de HeN.AlcoOlo· Abierta — hueco de 12t
Base de Eat_Rice· Abierta — hueco de 13t
Base de Rakussy· Abierta — hueco de 7t
Base de Hero Unit· Abierta — flanco sin cerrar
Base de Bananaman651· Abierta — hueco de 12t
Base de HeN.Lylzor· Abierta — hueco de 6t
Base de Skovronski· Abierta — hueco de 13t
Terreno inicial suavizado · ◌ = hueco del cierre detectado · pasá el cursor para detalles
Inputs por minuto
— HeN.Fluffy Silverhand - - HeN.AlcoOlo
Build order — HeN.Fluffy Silverhand
82 acciones detectadas en el replay
| 0:03 | Construir | Town Center |
| 1:04 | Crear | Villager (Male) |
| 1:06 | Crear | Villager (Male) |
| 1:06 | Crear | Villager (Male) |
| 1:07 | Crear | Villager (Male) |
| 1:42 | Crear | Villager (Male) |
| 1:43 | Crear | Villager (Male) |
| 2:08 | Construir | Lumber Camp |
| 2:16 | Crear | Villager (Male) |
| 2:17 | Crear | Villager (Male) |
| 3:07 | Crear | Villager (Male) |
| 3:07 | Crear | Villager (Male) |
| 3:38 | Crear | Villager (Male) |
| 3:57 | Crear | Villager (Male) |
| 4:27 | Construir | Mining Camp |
| 4:36 | Construir | Mill |
| 4:57 | Crear | Villager (Male) |
| 5:30 | Crear | Villager (Male) |
| 6:01 | Crear | Villager (Male) |
| 6:21 | Investigar | Feudal Age |
| 6:21 | Investigar | Feudal Age |
| 6:21 | Investigar | Feudal Age |
| 6:21 | Investigar | Feudal Age |
| 6:54 | Construir | House |
| 7:25 | Construir | Barracks |
| 7:44 | Crear | Villager (Male) |
| 8:40 | Edad | Edad Feudal |
| 8:42 | Construir | Archery Range |
| 8:45 | Construir | Archery Range |
| 8:47 | Investigar | Wheelbarrow |
| 8:47 | Investigar | Wheelbarrow |
| 8:52 | Investigar | Loom |
| 8:55 | Investigar | Double-Bit Axe |
| 8:55 | Investigar | Double-Bit Axe |
| 8:56 | Crear | Villager (Male) |
| 9:00 | Construir | House |
| 9:08 | Crear | Villager (Male) |
| 9:29 | Construir | Blacksmith |
| 9:39 | Construir | House |
| 9:42 | Crear | Archer |
| 9:43 | Crear | Archer |
| 9:44 | Crear | Archer |
| 9:57 | Crear | Villager (Male) |
| 10:05 | Construir | House |
| 10:10 | Crear | Archer |
| 10:11 | Crear | Archer |
| 10:11 | Crear | Archer |
| 10:23 | Investigar | Fletching |
| 10:23 | Investigar | Fletching |
| 10:34 | Construir | Palisade Wall |
| 10:43 | Construir | House |
| 10:52 | Crear | Villager (Male) |
| 10:53 | Crear | Archer |
| 11:08 | Construir | House |
| 11:11 | Construir | Palisade Wall |
| 11:11 | Construir | Palisade Wall |
| 11:12 | Construir | Palisade Wall |
| 11:17 | Crear | Archer |
| 11:31 | Crear | Villager (Male) |
| 11:42 | Crear | Archer |
| 11:57 | Crear | Archer |
| 11:57 | Crear | Archer |
| 11:58 | Crear | Villager (Male) |
| 12:00 | Construir | House |
| 12:01 | Construir | House |
| 12:12 | Crear | Villager (Male) |
| 12:19 | Crear | Archer |
| 12:24 | Construir | Farm |
| 12:26 | Construir | Farm |
| 12:35 | Construir | Farm |
| 12:37 | Construir | Farm |
| 12:42 | Crear | Archer |
| 12:52 | Crear | Archer |
| 12:57 | Crear | Villager (Male) |
| 13:01 | Construir | Palisade Wall |
| 13:08 | Crear | Archer |
| 13:09 | Crear | Villager (Male) |
| 13:26 | Construir | House |
| 13:47 | Crear | Archer |
| 13:48 | Crear | Villager (Male) |
| 13:52 | Construir | Farm |
| 13:56 | Construir | Farm |
Build order — HeN.AlcoOlo
65 acciones detectadas en el replay
| 0:04 | Construir | Town Center |
| 1:06 | Crear | Villager (Male) |
| 1:06 | Crear | Villager (Male) |
| 1:07 | Crear | Villager (Male) |
| 1:07 | Crear | Villager (Male) |
| 1:07 | Crear | Villager (Male) |
| 1:46 | Crear | Villager (Male) |
| 1:47 | Crear | Villager (Male) |
| 2:16 | Construir | Lumber Camp |
| 2:26 | Crear | Villager (Male) |
| 2:27 | Crear | Villager (Male) |
| 2:43 | Crear | Villager (Male) |
| 2:43 | Crear | Villager (Male) |
| 3:02 | Crear | Villager (Male) |
| 3:02 | Crear | Villager (Male) |
| 3:12 | Crear | Villager (Male) |
| 3:12 | Crear | Villager (Male) |
| 3:37 | Crear | Villager (Male) |
| 3:37 | Crear | Villager (Male) |
| 3:42 | Construir | House |
| 3:43 | Construir | House |
| 4:17 | Crear | Villager (Male) |
| 4:17 | Crear | Villager (Male) |
| 4:17 | Crear | Villager (Male) |
| 4:27 | Construir | Mill |
| 5:11 | Crear | Villager (Male) |
| 5:11 | Crear | Villager (Male) |
| 5:22 | Crear | Villager (Male) |
| 6:32 | Crear | Villager (Male) |
| 7:03 | Investigar | Feudal Age |
| 8:07 | Construir | Barracks |
| 8:09 | Construir | House |
| 8:38 | Crear | Villager (Male) |
| 8:38 | Crear | Villager (Male) |
| 9:13 | Edad | Edad Feudal |
| 9:14 | Construir | Stable |
| 9:32 | Investigar | Horse Collar |
| 9:47 | Construir | House |
| 9:56 | Crear | Scout Cavalry |
| 9:56 | Crear | Scout Cavalry |
| 9:57 | Crear | Scout Cavalry |
| 10:07 | Construir | House |
| 10:12 | Construir | Blacksmith |
| 10:18 | Crear | Villager (Male) |
| 10:20 | Investigar | Loom |
| 10:43 | Crear | Villager (Male) |
| 10:44 | Crear | Scout Cavalry |
| 10:49 | Construir | House |
| 10:59 | Construir | Palisade Wall |
| 11:20 | Investigar | Scale Barding Armor |
| 11:28 | Construir | Palisade Wall |
| 11:30 | Construir | Palisade Wall |
| 11:31 | Crear | Villager (Male) |
| 11:35 | Construir | Farm |
| 11:36 | Construir | Farm |
| 11:39 | Construir | Farm |
| 11:49 | Crear | Scout Cavalry |
| 12:03 | Crear | Scout Cavalry |
| 12:04 | Crear | Villager (Male) |
| 12:12 | Construir | Farm |
| 12:13 | Construir | Farm |
| 12:20 | Crear | Villager (Male) |
| 12:38 | Construir | Farm |
| 12:41 | Construir | Farm |
| 12:48 | Crear | Villager (Male) |
Build order — Eat_Rice
41 acciones detectadas en el replay
| 0:07 | Construir | Town Center |
| 1:08 | Crear | Villager (Male) ×4 |
| 1:39 | Construir | Lumber Camp |
| 1:59 | Crear | Villager (Male) |
| 2:28 | Crear | Villager (Male) |
| 2:55 | Crear | Villager (Male) |
| 2:59 | Construir | Mill |
| 3:26 | Crear | Villager (Male) |
| 3:42 | Crear | Villager (Male) |
| 4:12 | Crear | Villager (Male) |
| 4:53 | Crear | Villager (Male) |
| 5:01 | Crear | Villager (Male) |
| 5:25 | Construir | House |
| 5:44 | Crear | Villager (Male) |
| 6:10 | Crear | Villager (Male) |
| 6:47 | Investigar | Loom |
| 7:07 | Construir | Palisade Wall |
| 7:12 | Construir | House |
| 7:15 | Construir | Palisade Wall |
| 7:23 | Investigar | Feudal Age |
| 8:16 | Construir | House |
| 8:18 | Construir | Barracks |
| 8:27 | Construir | Palisade Wall |
| 9:10 | Crear | Villager (Male) |
| 9:33 | Edad | Edad Feudal |
| 9:41 | Construir | Stable |
| 9:47 | Construir | Palisade Wall |
| 9:52 | Construir | Palisade Gate |
| 9:57 | Crear | Villager (Male) |
| 10:30 | Construir | House |
| 10:37 | Investigar | Double-Bit Axe |
| 10:40 | Construir | Blacksmith |
| 10:49 | Crear | Villager (Male) |
| 10:51 | Crear | Scout Cavalry |
| 10:51 | Crear | Scout Cavalry |
| 10:52 | Crear | Scout Cavalry |
| 11:14 | Investigar | Scale Barding Armor |
| 11:19 | Crear | Scout Cavalry |
| 11:37 | Crear | Villager (Male) |
| 11:38 | Crear | Villager (Male) |
| 11:51 | Construir | House |
Build order — Rakussy
60 acciones detectadas en el replay
| 0:04 | Construir | Town Center |
| 1:06 | Crear | Villager (Male) |
| 1:06 | Crear | Villager (Male) |
| 1:06 | Crear | Villager (Male) |
| 1:06 | Crear | Villager (Male) |
| 1:36 | Construir | Lumber Camp |
| 2:12 | Crear | Villager (Male) |
| 3:14 | Crear | Villager (Male) |
| 3:14 | Crear | Villager (Male) |
| 3:25 | Crear | Villager (Male) |
| 3:25 | Crear | Villager (Male) |
| 3:57 | Crear | Villager (Male) |
| 3:57 | Crear | Villager (Male) |
| 4:31 | Crear | Villager (Male) |
| 4:47 | Construir | Barracks |
| 4:50 | Crear | Villager (Male) |
| 5:31 | Crear | Villager (Male) |
| 6:06 | Investigar | Loom |
| 6:10 | Investigar | Loom |
| 6:12 | Investigar | Feudal Age |
| 6:13 | Investigar | Feudal Age |
| 6:19 | Crear | Militia |
| 6:19 | Crear | Militia |
| 6:29 | Construir | Mining Camp |
| 6:35 | Crear | Militia |
| 6:50 | Crear | Militia |
| 7:03 | Construir | House |
| 7:19 | Construir | House |
| 7:43 | Crear | Militia |
| 7:45 | Construir | Palisade Wall |
| 7:55 | Crear | Militia |
| 8:22 | Edad | Edad Feudal |
| 8:25 | Investigar | Man-at-Arms (upgrade) |
| 8:26 | Crear | Militia |
| 8:39 | Crear | Villager (Male) |
| 9:12 | Construir | Archery Range |
| 9:20 | Crear | Villager (Male) |
| 9:20 | Crear | Militia |
| 9:29 | Crear | Villager (Male) |
| 10:01 | Crear | Militia |
| 10:23 | Construir | House |
| 10:30 | Crear | Militia |
| 10:31 | Crear | Archer |
| 10:32 | Crear | Archer |
| 10:37 | Crear | Villager (Male) |
| 10:41 | Crear | Villager (Male) |
| 10:50 | Construir | Palisade Wall |
| 10:59 | Crear | Villager (Male) |
| 11:03 | Crear | Archer |
| 11:17 | Crear | Villager (Male) |
| 11:32 | Construir | House |
| 11:49 | Construir | House |
| 11:56 | Crear | Archer |
| 11:57 | Crear | Militia |
| 11:59 | Construir | House |
| 12:39 | Crear | Archer |
| 12:39 | Crear | Archer |
| 12:45 | Construir | Mill |
| 13:12 | Investigar | Arson |
| 13:24 | Crear | Militia |
Build order — Hero Unit
52 acciones detectadas en el replay
| 0:26 | Construir | Town Center |
| 1:27 | Investigar | Loom |
| 1:28 | Crear | Villager (Male) |
| 1:28 | Crear | Villager (Male) |
| 1:28 | Crear | Villager (Male) |
| 1:29 | Crear | Villager (Male) |
| 3:23 | Crear | Villager (Male) |
| 3:24 | Crear | Villager (Male) |
| 3:31 | Crear | Villager (Male) |
| 3:31 | Crear | Villager (Male) |
| 4:04 | Crear | Villager (Male) |
| 4:29 | Crear | Villager (Male) |
| 4:40 | Construir | Mill |
| 5:06 | Crear | Villager (Male) |
| 5:06 | Crear | Villager (Male) |
| 5:18 | Crear | Villager (Male) |
| 5:36 | Construir | House |
| 5:43 | Construir | Barracks |
| 6:09 | Crear | Villager (Male) |
| 6:09 | Crear | Villager (Male) |
| 7:07 | Construir | Palisade Gate |
| 7:09 | Construir | Palisade Wall |
| 7:20 | Crear | Villager (Male) |
| 7:46 | Crear | Villager (Male) |
| 8:05 | Construir | House |
| 8:16 | Crear | Villager (Male) |
| 8:38 | Investigar | Feudal Age |
| 8:41 | Construir | Palisade Wall |
| 8:56 | Construir | Mining Camp |
| 9:07 | Construir | Palisade Wall |
| 9:35 | Crear | Villager (Male) |
| 9:37 | Crear | Militia |
| 9:38 | Crear | Militia |
| 9:53 | Crear | Militia |
| 10:09 | Crear | Villager (Male) |
| 10:19 | Construir | Palisade Wall |
| 10:21 | Construir | Palisade Wall |
| 10:25 | Crear | Militia |
| 10:26 | Crear | Villager (Male) |
| 10:51 | Edad | Edad Feudal |
| 11:06 | Construir | Lumber Camp |
| 11:14 | Construir | Blacksmith |
| 11:25 | Investigar | Man-at-Arms (upgrade) |
| 11:47 | Crear | Villager (Male) |
| 11:50 | Investigar | Double-Bit Axe |
| 11:57 | Construir | House |
| 12:21 | Crear | Militia |
| 12:21 | Crear | Militia |
| 12:24 | Crear | Villager (Male) |
| 12:34 | Investigar | Horse Collar |
| 12:44 | Investigar | Scale Mail Armor |
| 12:52 | Construir | House |
Build order — Bananaman651
62 acciones detectadas en el replay
| 0:14 | Construir | Town Center |
| 1:27 | Crear | Villager (Male) |
| 1:27 | Crear | Villager (Male) |
| 1:27 | Crear | Villager (Male) |
| 1:28 | Crear | Villager (Male) |
| 1:36 | Construir | Lumber Camp |
| 2:51 | Crear | Villager (Male) |
| 2:52 | Crear | Villager (Male) |
| 3:18 | Crear | Villager (Male) |
| 3:40 | Crear | Villager (Male) |
| 4:22 | Crear | Villager (Male) |
| 4:42 | Crear | Villager (Male) |
| 5:13 | Construir | Barracks |
| 5:15 | Construir | House |
| 5:19 | Crear | Villager (Male) |
| 5:33 | Crear | Villager (Male) |
| 6:09 | Investigar | Loom |
| 6:33 | Crear | Villager (Male) |
| 6:56 | Construir | Mining Camp |
| 7:04 | Crear | Villager (Male) |
| 7:30 | Investigar | Feudal Age |
| 7:31 | Investigar | Feudal Age |
| 8:07 | Crear | Militia |
| 8:07 | Crear | Militia |
| 8:17 | Construir | House |
| 8:19 | Construir | Palisade Wall |
| 8:19 | Construir | Palisade Wall |
| 8:20 | Construir | Palisade Wall |
| 8:33 | Crear | Militia |
| 8:48 | Crear | Villager (Male) |
| 9:17 | Crear | Villager (Male) |
| 9:35 | Crear | Villager (Male) |
| 9:37 | Crear | Militia |
| 9:41 | Investigar | Man-at-Arms (upgrade) |
| 9:41 | Investigar | Man-at-Arms (upgrade) |
| 9:59 | Crear | Villager (Male) |
| 10:18 | Crear | Villager (Male) |
| 10:23 | Crear | Villager (Male) |
| 10:26 | Construir | House |
| 10:28 | Construir | Palisade Wall |
| 10:30 | Construir | Palisade Wall |
| 10:33 | Construir | Palisade Wall |
| 10:40 | Construir | Palisade Wall |
| 10:41 | Construir | Palisade Wall |
| 10:42 | Construir | Palisade Wall |
| 10:59 | Crear | Villager (Male) |
| 11:06 | Construir | Archery Range |
| 11:27 | Crear | Villager (Male) |
| 11:43 | Crear | Archer |
| 11:43 | Crear | Archer |
| 11:59 | Crear | Villager (Male) |
| 12:25 | Investigar | Double-Bit Axe |
| 12:25 | Investigar | Double-Bit Axe |
| 12:38 | Construir | House |
| 12:39 | Construir | Palisade Wall |
| 12:40 | Construir | Palisade Wall |
| 12:41 | Construir | Palisade Wall |
| 12:44 | Crear | Villager (Male) |
| 12:47 | Crear | Archer |
| 13:05 | Construir | Archery Range |
| 13:25 | Crear | Archer |
| 13:42 | Crear | Villager (Male) |
Build order — HeN.Lylzor
75 acciones detectadas en el replay
| 0:03 | Construir | Town Center |
| 1:02 | Crear | Villager (Male) |
| 1:02 | Crear | Villager (Male) |
| 1:03 | Crear | Villager (Male) |
| 1:03 | Crear | Villager (Male) |
| 1:03 | Crear | Villager (Male) |
| 1:03 | Crear | Villager (Male) |
| 1:32 | Construir | Lumber Camp |
| 1:43 | Crear | Villager (Male) |
| 2:33 | Crear | Villager (Male) |
| 2:47 | Crear | Villager (Male) |
| 3:14 | Crear | Villager (Male) |
| 3:37 | Construir | Mill |
| 3:39 | Crear | Villager (Male) |
| 3:53 | Crear | Villager (Male) |
| 4:08 | Crear | Villager (Male) |
| 4:27 | Crear | Villager (Male) |
| 5:24 | Crear | Villager (Male) |
| 6:28 | Investigar | Feudal Age |
| 6:55 | Construir | Barracks |
| 6:57 | Crear | Villager (Male) |
| 7:14 | Construir | House |
| 7:24 | Construir | House |
| 8:19 | Crear | Villager (Male) |
| 8:38 | Edad | Edad Feudal |
| 8:39 | Construir | Stable |
| 8:49 | Investigar | Double-Bit Axe |
| 9:09 | Crear | Villager (Male) |
| 9:22 | Investigar | Horse Collar |
| 9:26 | Construir | House |
| 9:27 | Construir | House |
| 9:29 | Crear | Villager (Male) |
| 9:37 | Crear | Scout Cavalry |
| 9:37 | Crear | Scout Cavalry |
| 9:42 | Crear | Villager (Male) |
| 9:44 | Construir | Farm |
| 9:59 | Construir | Farm |
| 10:05 | Crear | Villager (Male) |
| 10:12 | Crear | Scout Cavalry |
| 10:13 | Crear | Villager (Male) |
| 10:25 | Construir | Farm |
| 10:32 | Crear | Villager (Male) |
| 10:36 | Construir | House |
| 11:01 | Crear | Scout Cavalry |
| 11:16 | Crear | Scout Cavalry |
| 11:16 | Crear | Scout Cavalry |
| 11:19 | Construir | House |
| 11:36 | Construir | Farm |
| 11:39 | Construir | Farm |
| 11:44 | Crear | Villager (Male) |
| 11:54 | Construir | House |
| 12:00 | Crear | Scout Cavalry |
| 12:02 | Crear | Villager (Male) |
| 12:09 | Construir | Farm |
| 12:16 | Crear | Villager (Male) |
| 12:31 | Crear | Villager (Male) |
| 12:36 | Construir | House |
| 12:37 | Construir | House |
| 12:39 | Construir | Blacksmith |
| 12:45 | Crear | Scout Cavalry |
| 12:48 | Construir | Farm |
| 12:57 | Crear | Villager (Male) |
| 12:59 | Construir | Farm |
| 13:06 | Crear | Villager (Male) |
| 13:19 | Investigar | Loom |
| 13:30 | Investigar | Forging |
| 13:37 | Crear | Villager (Male) |
| 13:40 | Construir | Farm |
| 13:45 | Construir | Farm |
| 13:45 | Construir | Farm |
| 13:46 | Construir | Farm |
| 13:46 | Construir | Farm |
| 13:56 | Crear | Villager (Male) |
| 13:59 | Crear | Villager (Male) |
| 14:06 | Construir | Farm |
Build order — Skovronski
59 acciones detectadas en el replay
| 0:02 | Construir | Town Center |
| 1:02 | Crear | Villager (Male) ×4 |
| 1:02 | Crear | Villager (Male) ×4 |
| 1:35 | Construir | Lumber Camp |
| 1:50 | Crear | Villager (Male) |
| 2:16 | Crear | Villager (Male) |
| 2:45 | Crear | Villager (Male) |
| 3:17 | Crear | Villager (Male) |
| 3:32 | Crear | Villager (Male) |
| 3:54 | Crear | Villager (Male) |
| 4:30 | Crear | Villager (Male) |
| 5:09 | Crear | Villager (Male) |
| 5:09 | Crear | Villager (Male) |
| 5:09 | Crear | Villager (Male) |
| 5:40 | Construir | Palisade Wall |
| 5:54 | Crear | Villager (Male) |
| 5:54 | Crear | Villager (Male) |
| 5:54 | Crear | Villager (Male) |
| 6:04 | Construir | House |
| 6:06 | Construir | House |
| 6:37 | Construir | Barracks |
| 7:00 | Investigar | Loom |
| 7:31 | Construir | Mill |
| 7:35 | Investigar | Feudal Age |
| 8:24 | Crear | Villager (Male) |
| 8:25 | Crear | Villager (Male) |
| 8:47 | Construir | Mill |
| 9:53 | Edad | Edad Feudal |
| 9:54 | Construir | Blacksmith |
| 9:59 | Construir | Stable |
| 10:00 | Crear | Spearman |
| 10:01 | Crear | Spearman |
| 10:01 | Crear | Spearman |
| 10:02 | Crear | Villager (Male) |
| 10:13 | Construir | House |
| 10:19 | Construir | House |
| 10:22 | Construir | House |
| 10:29 | Investigar | Double-Bit Axe |
| 10:34 | Crear | Villager (Male) |
| 10:51 | Crear | Scout Cavalry |
| 10:56 | Crear | Spearman |
| 11:00 | Construir | House |
| 11:09 | Crear | Villager (Male) |
| 11:17 | Crear | Scout Cavalry |
| 11:22 | Investigar | Scale Barding Armor |
| 11:51 | Crear | Scout Cavalry |
| 11:54 | Investigar | Forging |
| 12:11 | Crear | Villager (Male) |
| 12:18 | Crear | Villager (Male) |
| 12:39 | Construir | Farm |
| 12:41 | Investigar | Man-at-Arms (upgrade) |
| 12:42 | Construir | Farm |
| 12:44 | Construir | Farm |
| 12:45 | Construir | Farm |
| 12:48 | Construir | Farm |
| 13:11 | Crear | Villager (Male) |
| 13:15 | Crear | Scout Cavalry |
| 13:16 | Crear | Scout Cavalry |
| 13:17 | Crear | Villager (Male) |
Cronología de la partida
| 4:47 | Rakussy · first_building Barracks |
| 5:13 | Bananaman651 · first_building Barracks |
| 5:40 | Skovronski · wall_segment Palisade Wall x1 |
| 5:43 | Hero Unit · first_building Barracks |
| 6:37 | Skovronski · first_building Barracks |
| 6:55 | HeN.Lylzor · first_building Barracks |
| 7:07 | Eat_Rice · wall_segment Palisade Wall x1 |
| 7:09 | Hero Unit · wall_segment Palisade Wall x1 |
| 7:15 | Eat_Rice · wall_segment Palisade Wall x3 |
| 7:25 | HeN.Fluffy Silverhand · first_building Barracks |
| 7:45 | Rakussy · wall_segment Palisade Wall x1 |
| 8:07 | HeN.AlcoOlo · first_building Barracks |
| 8:18 | Eat_Rice · first_building Barracks |
| 8:19 | Bananaman651 · wall_segment Palisade Wall x1 |
| 8:19 | Bananaman651 · wall_segment Palisade Wall x1 |
| 8:20 | Bananaman651 · wall_segment Palisade Wall x1 |
| 8:22 | Rakussy · age_up feudal |
| 8:27 | Eat_Rice · wall_segment Palisade Wall x2 |
| 8:38 | HeN.Lylzor · age_up feudal |
| 8:39 | HeN.Lylzor · first_building Stable |
| 8:40 | HeN.Fluffy Silverhand · age_up feudal |
| 8:41 | Hero Unit · wall_segment Palisade Wall x1 |
| 8:42 | HeN.Fluffy Silverhand · first_building Archery Range |
| 9:07 | Hero Unit · wall_segment Palisade Wall x7 |
| 9:12 | Rakussy · first_building Archery Range |
| 9:13 | HeN.AlcoOlo · age_up feudal |
| 9:14 | HeN.AlcoOlo · first_building Stable |
| 9:33 | Eat_Rice · age_up feudal |
| 9:41 | Eat_Rice · first_building Stable |
| 9:47 | Eat_Rice · wall_segment Palisade Wall x1 |
| 9:53 | Skovronski · age_up feudal |
| 9:59 | Skovronski · first_building Stable |
| 10:19 | Hero Unit · wall_segment Palisade Wall x8 |
| 10:21 | Hero Unit · wall_segment Palisade Wall x4 |
| 10:28 | Bananaman651 · wall_segment Palisade Wall x1 |
| 10:30 | Bananaman651 · wall_segment Palisade Wall x1 |
| 10:33 | Bananaman651 · wall_segment Palisade Wall x1 |
| 10:34 | HeN.Fluffy Silverhand · wall_segment Palisade Wall x5 |
| 10:40 | Bananaman651 · wall_segment Palisade Wall x1 |
| 10:41 | Bananaman651 · wall_segment Palisade Wall x2 |
| 10:42 | Bananaman651 · wall_segment Palisade Wall x1 |
| 10:50 | Rakussy · wall_segment Palisade Wall x1 |
| 10:51 | Hero Unit · age_up feudal |
| 10:59 | HeN.AlcoOlo · wall_segment Palisade Wall x16 |
| 11:06 | Bananaman651 · first_building Archery Range |
| 11:11 | HeN.Fluffy Silverhand · wall_segment Palisade Wall x1 |
| 11:11 | HeN.Fluffy Silverhand · wall_segment Palisade Wall x1 |
| 11:12 | HeN.Fluffy Silverhand · wall_segment Palisade Wall x1 |
| 11:28 | HeN.AlcoOlo · wall_segment Palisade Wall x14 |
| 11:30 | HeN.AlcoOlo · wall_segment Palisade Wall x8 |
| 12:39 | Bananaman651 · wall_segment Palisade Wall x1 |
| 12:40 | Bananaman651 · wall_segment Palisade Wall x1 |
| 12:41 | Bananaman651 · wall_segment Palisade Wall x1 |
| 12:52 | Eat_Rice · resign |
| 13:01 | HeN.Fluffy Silverhand · wall_segment Palisade Wall x3 |
[ ANÁLISIS IA · 1 CRÉDITO ]
¿Qué pasó realmente en esta partida?
Wolo.gg analiza cada decisión: build order, eco, micro, errores típicos por bracket. Análisis personalizado por WhatsApp o Discord en 30 segundos.
Guía civ
Gurjaras
Perfil
Jugador #21048848